 Dungeon Crawl Stone Soup version 0.19.0-2-gae57169 (webtiles) character file.

11294 Vatticson the Basher (level 11, -9/81 HPs)
             Began as a Minotaur Berserker on Nov 4, 2016.
             Was a High Priest of Trog.
             Killed from afar by a wretched star (12 damage)
             ... with an orb of energy
             ... on level 2 of the Abyss.
             The game lasted 00:59:45 (10357 turns).

Vatticson the Basher (Minotaur Berserker)          Turns: 10357, Time: 00:59:46

Health: -9/81      AC: 13    Str: 20    XL:     11   Next: 47%
Magic:  3/3        EV: 11    Int:  4    God:    Trog [*****.]
Gold:   17         SH:  0    Dex:  7    Spells: 0 memorised, 10 levels left

rFire  . . .     SeeInvis .     F - +4 dire flail (antimagic)
rCold  . . .     Gourm    .     m - +2 ring mail {MR+}
rNeg   . . .     Faith    .     (shield currently unavailable)
rPois  .         Spirit   .     (helmet restricted)
rElec  .         Reflect  .     r - +0 cloak
rCorr  .         Harm     .     (no gloves)
MR     +....     Clarity  +     H - +0 pair of boots
Stlth  ..........               h - amulet of regeneration
                                J - +1 ring of protection
                                (no ring)

@: drained
A: retaliatory headbutt, horns 2, blurry vision 2, clarity, clumsy 2, frail 2,
high mp 1, weak 2
a: Berserk, Trog's Hand, Brothers in Arms, Burn Spellbooks, Renounce Religion


You were on level 2 of the Abyss.
You worshipped Trog.
Trog was extremely pleased with you.
You were very hungry.

You visited 1 branch of the dungeon, and saw 10 of its levels.
You visited the Abyss 1 time.
You also visited: Sewer and Ossuary.

You collected 542 gold pieces.
You spent 525 gold pieces at shops.

Inventory:

Hand Weapons
 e - a +1 morningstar of venom
 x - a +0 shortbow
 A - a +0 broad axe
 D - a +2 whip of freezing
 F - a +4 antimagic dire flail (weapon)
 L - a +4 quarterstaff of crushing
Missiles
 w - 135 arrows
Armour
 b - a +0 animal skin
 f - a +1 ring mail
 m - a +2 ring mail of magic resistance (worn)
 r - a +0 cloak (worn)
 y - a +0 ring mail of fire resistance
 H - a +0 pair of boots (worn)
Jewellery
 h - an amulet of regeneration (around neck)
 o - an uncursed ring of wizardry
 s - an uncursed ring of stealth
 J - a +1 ring of protection (right hand)
Wands
 a - a wand of confusion (18/48)
 c - a wand of digging (5/24)
 d - a wand of flame (13/48)
 l - a wand of confusion (30/48)
Scrolls
 j - 5 scrolls of remove curse
 k - 4 scrolls of teleportation
 G - 4 scrolls of identify
 I - a scroll of fear
Potions
 g - 2 potions of curing
 i - a potion of might
 p - 3 potions of flight
 q - 2 potions of lignification
 C - 3 potions of brilliance
Books
 z - a book of Necromancy

   Spells                             Type                      Level
   a - Pain                           Necromancy                   1
   b - Animate Skeleton               Necromancy                   1
   c - Vampiric Draining              Necromancy                   3
   d - Regeneration                   Charms/Necromancy            3
   e - Animate Dead                   Necromancy                   4
   f - Control Undead                 Necromancy                   4
   Trog disapproves of the use of such an item.
 M - a book of Callings

   Spells                             Type                      Level
   a - Summon Small Mammal            Summoning                    1
   b - Call Imp                       Summoning                    2
   c - Call Canine Familiar           Summoning                    3
   d - Summon Guardian Golem          Hexes/Summoning              3
   e - Summon Lightning Spire         Summoning/Air                4
   f - Summon Ice Beast               Ice/Summoning                4
   Trog disapproves of the use of such an item.
 N - a book of Geomancy

   Spells                             Type                      Level
   a - Sandblast                      Earth                        1
   b - Passwall                       Transmutation/Earth          2
   c - Stone Arrow                    Conjuration/Earth            3
   d - Petrify                        Transmutation/Earth          4
   e - Lee's Rapid Deconstruction     Earth                        5
   Trog disapproves of the use of such an item.
Comestibles
 u - 2 bread rations
 O - 7 royal jellies


   Skills:
 * Level 11.2(10.4) Fighting
 - Level 14.3(13.4) Maces & Flails
 + Level 5.9(5.2) Bows
 * Level 10.7(9.9) Armour
 - Level 2.1(1.5) Dodging


You had 10 spell levels left.
You didn't know any spells.

Dungeon Overview and Level Annotations

Branches:
Dungeon (10/15)            Temple (0/1) D:4            Lair (0/6) D:10
    Orc: D:9-12

Altars:
Dithmenos
Makhleb
Qazlal
Ru
Sif Muna
Trog
Vehumet
Yredelemnul
The Shining One

Shops:
D:9 *

Annotations:
D:6 1 runed door
D:10 Sonja


Innate Abilities, Weirdness & Mutations

You reflexively headbutt those who attack you in melee.
You have a pair of horns on your head.
You possess an exceptional clarity of mind.
You have an increased reservoir of magic. (+10% MP)
[Scrolls take you longer to read.]
[You are very clumsy. (Dex -4)]
[You are very frail. (-20% HP)]
[You are very weak. (Str -4)]


Message History

* * * LOW HITPOINT WARNING * * *
Something hits you but does no damage. Something hits you but does no damage.
Okay, then.
Something hits you but does no damage.
Found 24 stones.
Something hits you but does no damage. Something hits you.
* * * LOW HITPOINT WARNING * * *
The rakshasa weaves an illusion.
Something hits you!
* * * LOW HITPOINT WARNING * * *
Something hits you but does no damage.
The wretched star pulses with an eldritch light!
Your vision blurs. x2; You feel frail. x2
Something hits you.
* * * LOW HITPOINT WARNING * * *
Something hits you but does no damage.
The wretched star glows turbulently.
The orb of energy hits you!
You die...

#. .#§##§..## ..
#..§§.§§..# #..
#.#§§§§#..#### #..
####.R$.*..#..#
#.......#..#
###.........#
.....{.∩...##.(
.............#
##########@##.≈≈≈≈
#.....# ≈≈≈#
#....## ≈.# #...##
#.#.# ##.. #. #


You could see a wretched star and a rakshasa.

Vanquished Creatures
  Gastronok (D:8)
  Nergalle (D:10)
  A hill giant (D:7)
  Pikel (D:6)
  A cyclops (D:10)
  Joseph (D:9)
  Maurice (D:8)
  A queen bee (D:9)
  A two-headed ogre (D:8)
  Grinder (D:6)
  Prince Ribbit (D:7)
  A shadow (Abyss:2)
  4 yaks (D:9)
  Menkaure (D:5)
  Edmund (D:4)
  A water moccasin (D:10)
  2 hell hounds (D:10)
  Duvessa (D:6)
  2 sky beasts
  Purgy (Sewer)
  An ice beast (D:9)
  2 orc warriors
  6 centaurs
  2 ogres
  3 phantoms
  4 bullfrogs
  Dowan (D:6)
  4 scorpions
  22 killer bees
  3 wights
  5 howler monkeys
  3 crimson imps
  2 bullfrog zombies
  A quasit (D:8)
  A jelly (D:9)
  4 orc priests
  7 hounds
  10 orc wizards
  An iguana (D:9)
  3 bullfrog skeletons
  Natasha (thrice) (D:2)
  9 worker ants
  6 big kobold zombies (Ossuary)
  A killer bee zombie (D:7)
  2 hound skeletons
  A mummy (Ossuary)
  A howler monkey zombie (D:10)
  4 gnolls
  A howler monkey skeleton (D:6)
  8 adders
  2 shadow imps
  2 oozes (D:4)
  2 adder zombies
  6 worms
  4 dart slugs
  6 leopard geckos
  29 orcs
  5 spectral bats (Ossuary)
  4 ball pythons
  4 giant cockroaches
  6 gnoll zombies (Ossuary)
  5 hobgoblins
  14 jackals
  6 quokkas
  8 bats
  4 bat simulacra (Ossuary)
  7 frilled lizards
  10 goblins
  4 goblin simulacra (Ossuary)
  5 goblin zombies (Ossuary)
  4 hobgoblin zombies (Ossuary)
  10 kobolds
  5 kobold simulacra (Ossuary)
  5 kobold zombies (Ossuary)
  A leopard gecko skeleton (D:4)
  4 orc zombies (Ossuary)
  A quokka zombie (D:3)
  9 rats
  3 rat simulacra (Ossuary)
  2 spectral goblins (Ossuary)
  4 spectral kobolds (Ossuary)
  3 spectral rats (Ossuary)
330 creatures vanquished.

Vanquished Creatures (others)
  An orc wizard (D:3)
  A quokka skeleton (D:6)
2 creatures vanquished.

Grand Total: 332 creatures vanquished

Notes
Turn   | Place    | Note
-------+----------+-------------------------------------------
     0 | D:1      | Vatticson the Minotaur Berserker began the quest for the Orb.
     0 | D:1      | Reached XP level 1. HP: 19/19 MP: 0/0
   328 | D:1      | Reached skill level 4 in Maces & Flails
   330 | D:1      | Reached XP level 2. HP: 5/27 MP: 1/1
   683 | D:1      | Gained mutation: You possess an exceptional clarity of mind. [potion of mutation]
   683 | D:1      | Gained mutation: [You are clumsy. (Dex -2)] [potion of mutation]
   883 | D:1      | Reached XP level 3. HP: 33/33 MP: 2/2
   977 | D:1      | Reached skill level 5 in Maces & Flails
  1497 | D:1      | Reached ** piety under Trog
  1629 | D:2      | Noticed Natasha
  1636 | D:2      | Killed Natasha
  1636 | D:2      | Reached XP level 4. HP: 24/40 MP: 3/3
  1675 | D:2      | Noticed Natasha
  1686 | D:2      | Killed Natasha
  1686 | D:2      | Reached skill level 6 in Maces & Flails
  1839 | D:2      | Noticed Natasha
  2052 | D:2      | Killed Natasha
  2052 | D:2      | Reached XP level 5. HP: 38/46 MP: 4/4
  2193 | D:2      | Found a glowing golden altar of the Shining One.
  2539 | D:3      | Reached skill level 7 in Maces & Flails
  2842 | D:3      | Reached skill level 8 in Maces & Flails
  2843 | D:3      | Reached *** piety under Trog
  2850 | D:3      | Reached XP level 6. HP: 49/52 MP: 5/5
  3194 | D:4      | Reached skill level 9 in Maces & Flails
  3219 | D:4      | Found a sand-covered staircase.
  3252 | D:4      | Reached XP level 7. HP: 47/58 MP: 6/6
  3291 | Ossuary  | Entered an ossuary
  3445 | Ossuary  | Reached **** piety under Trog
  3594 | Ossuary  | Reached skill level 10 in Maces & Flails
  3758 | Ossuary  | Reached ***** piety under Trog
  4106 | D:4      | Noticed Edmund
  4112 | D:4      | Killed Edmund
  4216 | D:4      | Found a staircase to the Ecumenical Temple.
  4326 | D:4      | Reached skill level 11 in Maces & Flails
  4439 | D:4      | Reached XP level 8. HP: 57/66 MP: 2/7
  4508 | D:4      | Found a basalt altar of Yredelemnul.
  4559 | D:5      | Entered Level 5 of the Dungeon
  4722 | D:5      | Noticed Menkaure
  4732 | D:5      | Killed Menkaure
  4732 | D:5      | Reached skill level 12 in Maces & Flails
  4776 | D:5      | Noticed a moth of wrath
  4780 | D:5      | Found a bloodstained altar of Trog.
  5192 | D:5      | Found a glowing drain.
  5207 | Sewer    | Entered a sewer
  5259 | Sewer    | Noticed Purgy
  5270 | Sewer    | Killed Purgy
  5270 | Sewer    | Reached skill level 13 in Maces & Flails
  5815 | D:6      | Found a radiant altar of Vehumet.
  5832 | D:6      | Noticed Grinder
  5845 | D:6      | Killed Grinder
  5856 | D:6      | Reached XP level 9. HP: 71/71 MP: 2/8
  5948 | D:6      | Noticed Duvessa
  5954 | D:6      | Noticed Dowan
  5964 | D:6      | Killed Duvessa
  5968 | D:6      | Killed Dowan
  5968 | D:6      | Reached skill level 14 in Maces & Flails
  6018 | D:6      | Noticed Pikel
  6029 | D:6      | Killed Pikel
  6029 | D:6      | Reached skill level 5 in Fighting
  6131 | D:6      | Found a runed door.
  6677 | D:7      | Gained mutation: You have an increased reservoir of magic. (+10% MP) [potion of beneficial mutation]
  6712 | D:7      | Reached skill level 5 in Armour
  6741 | D:7      | Noticed a hill giant
  6757 | D:7      | Killed a hill giant
  6812 | D:7      | Noticed Prince Ribbit
  6827 | D:7      | Killed Prince Ribbit
  6827 | D:7      | Reached XP level 10. HP: 86/86 MP: 10/10
  7387 | D:8      | Noticed Maurice
  7399 | D:8      | Killed Maurice
  7663 | D:8      | Noticed Gastronok
  7684 | D:8      | Killed Gastronok
  7687 | D:8      | Received a gift from Trog
  7688 | D:8      | Found a sacrificial altar of Ru.
  8100 | D:8      | Found a stormy altar of Qazlal.
  8167 | D:9      | Found Liazxaah's Assorted Antiques.
  8187 | D:9      | Reached skill level 10 in Fighting
  8230 | D:9      | Bought a runed ring mail for 300 gold pieces
  8246 | D:9      | Found a shadowy altar of Dithmenos.
  8340 | D:9      | Reached skill level 5 in Bows
  8429 | D:9      | Reached XP level 11. HP: 92/99 MP: 11/11
  8558 | D:9      | Noticed Joseph
  8574 | D:9      | Killed Joseph
  8647 | D:9      | Found a deep blue altar of Sif Muna.
  8697 | D:9      | Found a burning altar of Makhleb.
  9061 | D:9      | Reached skill level 10 in Armour
  9365 | D:10     | Entered Level 10 of the Dungeon
  9365 | D:10     | Noticed Nergalle
  9416 | D:9      | Bought a scroll of enchant armour for 225 gold pieces
  9502 | D:10     | Noticed a spectral orc warlord
  9504 | D:10     | Killed Nergalle
  9552 | D:10     | Received a gift from Trog
  9679 | D:10     | Found a staircase to the Lair.
 10171 | D:10     | Noticed Sonja
 10180 | D:10     | Cast into level 2 of the Abyss (Sonja)
 10180 | Abyss:2  | Found a shattered altar of Ashenzari.
 10180 | Abyss:2  | Found a radiant altar of Vehumet.
 10180 | Abyss:2  | Found a shadowy altar of Dithmenos.
 10180 | Abyss:2  | Found a glowing golden altar of the Shining One.
 10180 | Abyss:2  | Found a sparkling altar of Nemelex Xobeh.
 10180 | Abyss:2  | Found an iron altar of Okawaru.
 10180 | Abyss:2  | Found a hide-covered altar of Uskayaw.
 10180 | Abyss:2  | Found a basalt altar of Yredelemnul.
 10180 | Abyss:2  | Found a shimmering altar of Xom.
 10180 | Abyss:2  | Found an opulent altar of Gozag.
 10181 | Abyss:2  | Found a glowing silver altar of Zin.
 10181 | Abyss:2  | Found a snail-covered altar of Cheibriados.
 10181 | Abyss:2  | Found a hazy altar of Hepliaklqana.
 10183 | Abyss:2  | Found a bloodstained altar of Trog.
 10183 | Abyss:2  | Found a burning altar of Makhleb.
 10183 | Abyss:2  | Found a white marble altar of Elyvilon.
 10183 | Abyss:2  | Found an ancient bone altar of Kikubaaqudgha.
 10185 | Abyss:2  | Found a blossoming altar of Fedhas.
 10185 | Abyss:2  | Found an ancient bone altar of Kikubaaqudgha.
 10185 | Abyss:2  | Found a stormy altar of Qazlal.
 10271 | Abyss:2  | Found a sparkling altar of Nemelex Xobeh.
 10271 | Abyss:2  | Found a radiant altar of Vehumet.
 10271 | Abyss:2  | Found a basalt altar of Yredelemnul.
 10295 | Abyss:2  | Noticed a rakshasa
 10344 | Abyss:2  | Noticed a wretched star
 10356 | Abyss:2  | HP: 5/102 [something (8)]
 10357 | Abyss:2  | Killed from afar by a wretched star

Skill      XL: |  1  2  3  4  5  6  7  8  9 10 11 |
---------------+----------------------------------+-----
Maces & Flails | 4 5 6 8 9 11 13 14 | 14.3
Fighting       | 7 10 11 | 11.2
Armour         | 6 9 10 | 10.7
Bows           | 2 5 |  5.9
Dodging        | |  2.1

Action                   |  1- 3 |  4- 6 |  7- 9 | 10-12 || total
-------------------------+-------+-------+-------+-------++-------
Melee: Mace              |    64 |    34 |       |       ||    98
       Headbutt          |     5 |    14 |    82 |    76 ||   177
       Morningstar       |       |   137 |   131 |       ||   268
       Flail             |       |       |   181 |       ||   181
       Whip              |       |       |   113 |   183 ||   296
       Dire flail        |       |       |       |    44 ||    44
       Quarterstaff      |       |       |       |   101 ||   101
 Fire: Shortbow          |       |       |       |    27 ||    27
Invok: Trog's Hand       |     1 |     3 |     3 |     3 ||    10
       Berserk           |       |     1 |       |     1 ||     2
Evoke: Wand              |       |       |     6 |     4 ||    10
  Use: Potion            |     3 |     5 |     6 |    10 ||    24
       Scroll            |     3 |     4 |    11 |     6 ||    24
  Eat: Bread ration      |     1 |     1 |     2 |       ||     4
       Beef jerky        |       |     1 |       |       ||     1
       Meat ration       |       |       |     1 |     2 ||     3
       Pizza             |       |       |     1 |       ||     1
Armor: Animal skin       |    12 |       |       |       ||    12
       Ring mail         |     4 |    50 |   102 |   132 ||   288
Dodge: Dodged            |    49 |   100 |   151 |   158 ||   458
